Match 45324407
Unlisted

Match 45324407
End
Engineer Squad
Construct Barracks
1⁄4-ton 4x4 Truck
Selects Advanced Infantry Battlegroup
Riflemen Squad
Riflemen Squad
Riflemen Squad
Infantry Support Center
Grenade Package
Construct Medical Station
Selects Convert to Ranger Squad
Convert to Ranger Squad
Advanced Logistics
Convert to Ranger Squad
Selects Ammunition Storage
Munitions Surplus
Selects M2A1 105mm Howitzer Emplacement
Selects Designate Assault Position
Convert to Ranger Squad
anioki
Basgo
Ragnar Lothbrok (German)
waja0514
Sierra Oscar
Dune_el
Bored Johann
翻斗花园突击手牛爷爷
0
0

Comments sign in to comment!

No comments posted yet!